 Dungeon Crawl Stone Soup version 0.28-a0-1524-ge72afd5fc6 (webtiles) character file.

Game seed: 1154797980050337658

2488 gimp the Basher (level 9, -12/60 HPs)
             Began as a Djinni Wanderer on Jan 17, 2022.
             Was an Initiate of Makhleb.
             Mangled by Harold (15 damage)
             ... on level 7 of the Dungeon.
             The game lasted 00:20:24 (6738 turns).

gimp the Basher (Djinni Wanderer)                   Turns: 6738, Time: 00:20:25

Health: -12/60     AC:  5    Str: 12    XL:     9   Next: 81%
Gold:   367        EV: 12    Int: 17    God:    Makhleb [......] SH:  7 Dex: 13

rFire   + + .      SeeInvis .   a - +2 whip (venom)
rCold   x . .      Faith    .   e - +2 buckler
rNeg    . . .      Spirit   .   v - +2 robe {Will+}
rPois   ∞          Reflect  .   c - +0 helmet
rElec   .          Harm     .   (no cloak)
rCorr   .          Rampage  .   (no gloves)
Will    +....                   (boots unavailable)
Stlth   +.........              f - amulet of regeneration
HPRegen 1.00/turn               r - ring of wizardry
MPRegen 0.00/turn               (no ring)

@: marked, flying
A: sickness immunity, fire resistance 2, cold vulnerability 1, float, innate
caster, hp casting, extra vitality 1
a: Renounce Religion


You were on level 7 of the Dungeon.
You worshipped Makhleb.
Makhleb was noncommittal.
You visited 2 branches of the dungeon, and saw 8 of its levels.
You also visited: Sewer.

You collected 367 gold pieces.

Inventory:

Hand Weapons
 a - a +2 whip of venom (weapon)
 b - a +0 hunting sling
Missiles
 d - 6 poisoned darts
 s - 159 stones
 y - a throwing net (quivered)
Armour
 c - a +0 helmet (worn)
 e - a +2 buckler (worn)
 o - a +0 ring mail
 v - a +2 robe of willpower (worn)
Jewellery
 f - an amulet of regeneration (around neck)
 q - an amulet of reflection
 r - a ring of wizardry (left hand)
Wands
 n - a wand of acid (7)
Scrolls
 g - a scroll of fear
 u - a scroll of teleportation
 x - a scroll of magic mapping {unknown}
Potions
 h - 3 potions of flight
 i - 3 potions of heal wounds
 j - a potion of curing
 k - 3 potions of brilliance
 l - a potion of lignification
 m - 3 potions of resistance
 p - a potion of cancellation
 t - a potion of attraction {unknown}


   Skills:
 - Level 3.0 Fighting
 * Level 9.4 Maces & Flails
 - Level 3.0 Armour
 - Level 2.1 Dodging
 - Level 4.0 Shields
 - Level 2.0 Unarmed Combat
 - Level 2.3 Spellcasting
 - Level 1.0 Invocations


You had 4 spell levels left.
You knew the following spells:

 Your Spells              Type           Power      Damage    Failure   Level
a - Freeze                Ice            40%        1d6       3%          1
b - Corpse Rot            Necr/Air       20%        N/A       6%          2
c - Searing Ray           Conj           20%        2d5       6%          2
d - Portal Projectile     Hex/Tloc       20%        N/A       11%         3
Your spell library was empty.

Dungeon Overview and Level Annotations

Branches:
Dungeon (7/15)             Temple (1/1) D:6           Sewer (visited)

Altars:
Ashenzari
Cheibriados
Dithmenos
Elyvilon
Fedhas
Gozag
Hepliaklqana
Kikubaaqudgha
Makhleb
Nemelex Xobeh
Okawaru
Qazlal
Ru
Sif Muna
Trog
Uskayaw
Vehumet
Wu Jian
Xom
Yredelemnul
Zin
The Shining One

Shops:
D:3 (   D:5 *

Annotations:
D:6 exclusion: door
D:7 Harold, Joseph


Innate Abilities, Weirdness & Mutations

You are immune to sickness and miasma.
You are immune to poison.
Your flesh is very heat resistant. (rF++)
You are vulnerable to cold. (rC-)
You float through the air rather than walking.
You learn spells naturally, not from books.
Your magical power is your life essence.
You have superior vitality. (+4 MHP)


Message History

Harold struggles against the net.
You hit Harold but do no damage.
Harold looks as sick as possible!
Harold is moderately wounded.
You hit Harold but do no damage.
Harold looks as sick as possible!
Harold is moderately wounded.
Harold is no longer moving slowly.
You hit Harold but do no damage.
Harold looks as sick as possible!
Harold is heavily wounded.
You hit Harold but do no damage.
Harold looks as sick as possible!
Harold is heavily wounded.
Harold struggles against the net.
The net rips apart, and Harold comes free!
You hit Harold.
Harold looks as sick as possible!
Harold is heavily wounded.
You hit Harold but do no damage.
Harold is heavily wounded.
Harold hits you with a +0 glaive of protection!!
You take 27 damage, and have 33/60 hp.
MASSIVE DAMAGE!!
You hit Harold but do no damage.
Harold looks as sick as possible!
Harold is heavily wounded.
Harold hits you with a +0 glaive of protection!
You take 10 damage, and have 23/60 hp.
You hit Harold but do no damage.
Harold looks as sick as possible!
Harold is heavily wounded.
You block Harold's attack.
Aiming: Corrosive Bolt
Press: ? - help, Shift-Dir - straight line, f/p - Harold
Aim: Harold, wielding a +0 glaive of protection and wearing a +0 scale mail (heavily wounded, extremely poisoned, 83% to hit)
The bolt of acid hits Harold but does no damage.
Harold is heavily wounded.
Harold hits you from afar with a +0 glaive of protection!!
* * * LOW HITPOINT WARNING * * *
You take 23 damage, and have 2/60 hp.
MASSIVE DAMAGE!!
Aiming: Corrosive Bolt
Press: ? - help, Shift-Dir - straight line, f/p - Harold
Aim: Harold, wielding a +0 glaive of protection and wearing a +0 scale mail (heavily wounded, extremely poisoned, 83% to hit)
The bolt of acid hits Harold but does no damage.
Harold is heavily wounded.
Harold hits you from afar with a +0 glaive of protection!
You die...

#...............#
#...............#
................#
....#########'###
...?# ###..#####
....# #...Z.(..#
....# #........#
....# #........#
....# #....:@..#
...## #...#'####
... #...#@#
#...#.. #...#..#
... .... ...
...>. .....
.......


You could see Harold (extremely poisoned) and a killer bee zombie.

Vanquished Creatures
  Grinder (D:5)
  Edmund (D:5)
  2 water moccasins (D:7)
  An ice beast (D:6)
  2 black bears
  3 ogres
  A centaur (D:5)
  3 necrophages
  3 kobold brigands
  Blork the orc (D:5)
  A gnoll sergeant (D:7)
  A water moccasin zombie (D:6)
  A wyvern skeleton (D:6)
  A water moccasin skeleton (D:5)
  A howler monkey (D:5)
  A jelly (D:6)
  An orc priest (D:5)
  2 centaur skeletons
  An iguana (D:6)
  2 orc wizards
  A scorpion zombie (D:5)
  A hound skeleton (D:4)
  6 adders
  11 gnolls
  2 river rats (Sewer)
  A white imp (D:5)
  An ufetubus (D:5)
  2 adder skeletons (D:4)
  5 worms
  A dart slug (D:2)
  7 orcs
  4 endoplasms
  2 giant cockroaches
  10 goblins
  7 hobgoblins
  2 jackals (Sewer)
  11 kobolds
  4 quokkas
  7 ball pythons
  4 bats
  2 frilled lizards (D:3)
  4 rats
125 creatures vanquished.

Notes
Turn   | Place    | Note
-------+----------+-------------------------------------------
     0 | D:1      | gimp the Djinni Wanderer began the quest for the Orb.
     0 | D:1      | Reached XP level 1. HP: 15/15 MP: 0/0
    93 | D:1      | Reached skill level 1 in Fighting
   278 | D:1      | Reached XP level 2. HP: 22/22 MP: 0/0
   561 | D:1      | Found a faded altar of an unknown god.
  1003 | D:1      | Reached XP level 3. HP: 13/29 MP: 0/0
  1003 | D:1      | Learned a level 1 spell: Freeze
  1030 | D:2      | Reached XP level 4. HP: 32/34 MP: 0/0
  1252 | D:2      | Reached skill level 1 in Armour
  1384 | D:2      | Found a sacrificial altar of Ru.
  1874 | D:2      | Reached XP level 5. HP: 23/40 MP: 0/0
  1874 | D:2      | Learned a level 2 spell: Corpse Rot
  2179 | D:3      | Found an opulent altar of Gozag.
  2422 | D:3      | Found Hoemm's Weapon Boutique.
  3014 | D:4      | Reached XP level 6. HP: 37/46 MP: 0/0
  3147 | D:4      | Reached skill level 1 in Maces & Flails
  3194 | D:5      | Entered Level 5 of the Dungeon
  3242 | D:4      | Noticed an ogre
  3318 | D:3      | Killed an ogre
  3319 | D:3      | Reached skill level 2 in Maces & Flails
  3339 | D:4      | Noticed a necrophage
  3357 | D:4      | Killed a necrophage
  3358 | D:4      | Reached skill level 3 in Maces & Flails
  3358 | D:4      | Reached XP level 7. HP: 49/50 MP: 0/0
  3358 | D:4      | Learned a level 2 spell: Searing Ray
  3929 | D:5      | Noticed Edmund
  3953 | D:5      | Killed Edmund
  3954 | D:5      | Reached skill level 4 in Maces & Flails
  4184 | D:5      | Noticed Grinder
  4230 | D:5      | Paralysed by something for 4 turns
  4349 | D:5      | Killed Grinder
  4350 | D:5      | Reached skill level 5 in Maces & Flails
  4350 | D:5      | Reached XP level 8. HP: 42/56 MP: 0/0
  4539 | D:5      | Reached skill level 6 in Maces & Flails
  4760 | D:5      | Found Uri But's Overcharged Wands.
  4760 | D:5      | Noticed Blork the orc
  4818 | D:5      | Killed Blork the orc
  5026 | D:6      | Found a staircase to the Ecumenical Temple.
  5035 | D:6      | Reached skill level 7 in Maces & Flails
  5128 | D:6      | Reached XP level 9. HP: 45/60 MP: 0/0
  5128 | D:6      | Learned a level 3 spell: Portal Projectile
  5229 | D:6      | Reached skill level 8 in Maces & Flails
  5295 | D:6      | Found a glowing drain.
  5307 | Sewer    | Entered a sewer
  5487 | Sewer    | Found a white marble altar of Elyvilon.
  6148 | Temple   | Entered the Ecumenical Temple
  6306 | Temple   | Became a worshipper of Makhleb the Destroyer
  6375 | D:7      | Noticed Harold
  6432 | D:7      | Reached skill level 9 in Maces & Flails
  6701 | D:7      | Noticed Joseph
  6737 | D:7      | HP: 2/60 [Harold (24)]
  6738 | D:7      | Mangled by Harold

Illustrated notes

Levels and vault maps discovered:
D:1:      dpeg_arrival_rooms_b, layout_basic,
          shapermc_ecumenical_altar_flowoftime, ebering_dispersal_statue_hall
D:2:      kennysheep_the_goblin_king, layout_loops_ring, kennysheep_flooded_box,
          minmay_misc_feat_roman, hangedman_abyss_or_decor_stabs
D:3:      layout_basic, mainiacjoe_overflow_alcove_1, serial_shops,
          nicolae_shop_bloodbath_and_beyond
D:4:      layout_basic
D:5:      kb_forest_paths, layout_gridville, nicolae_shop_overcharged_wands,
          uniq_grinder, uniq_blork_the_orc, uniq_edmund
D:6:      layout_gridville, minmay_temple_entry_mini_moons, portal_sewer_entry_d
D:7:      layout_basic, uniq_joseph, uniq_harold
Temple:   kilobyte_greek_temple

Skill      XL: |  1  2  3  4  5  6  7  8  9 |
---------------+----------------------------+-----
Fighting       | 1 2 3 |  3.0
Armour         | 1 2 3 |  3.0
Spellcasting   | 2 |  2.3
Maces & Flails | 3 5 7 9 |  9.4
Dodging        | |  2.1
Shields        | |  4.0
Unarmed Combat | |  2.0
Invocations    | |  1.0

Action                   |  1- 3 |  4- 6 |  7- 9 || total
-------------------------+-------+-------+-------++-------
Melee: Whip              |    65 |   360 |   397 ||   822
       Club              |    10 |       |       ||    10
 Fire: Hunting sling     |       |     3 |       ||     3
Throw: Dart              |       |       |     1 ||     1
       Throwing net      |       |       |     1 ||     1
 Cast: Searing Ray       |       |       |     1 ||     1
Evoke: Wand              |       |       |     2 ||     2
  Use: Scroll            |       |     7 |     3 ||    10
       Potion            |       |       |     1 ||     1
 Stab: Held in net/web   |       |       |     1 ||     1
Armor: Chain mail        |    52 |    52 |       ||   104
       Robe              |     4 |       |    28 ||    32
       Ring mail         |       |    62 |    36 ||    98
Dodge: Dodged            |    24 |   124 |   150 ||   298
Block: Buckler           |    35 |   109 |   116 ||   260

Table legend: (Time is in decaauts)
 A = Elapsed time spent in this place.
 B = Non-inter-level travel time spent in this place.
 C = Inter-level travel time spent in this place.
 D = Time resting spent in this place.
 E = Time spent auto-exploring this place.
 F = Levels seen in this place.
 G = Mean time per level.
                   A        B        C        D        E       F      G
               +--------+--------+--------+--------+--------+-----+--------+
         Total |   6730 |   6277 |    453 |    163 |   4040 |   9 |  747.8 |
       Dungeon |   6330 |   5912 |    418 |    163 |   3843 |   7 |  904.3 |
        Temple |    194 |    159 |     35 |      0 |    125 |   1 |  194.0 |
         Sewer |    205 |    205 |      0 |      0 |     72 |   1 |  205.0 |
               +--------+--------+--------+--------+--------+-----+--------+

Top non-repeatable levels by time:
     D:3: 1079 daAuts
     D:5: 1028 daAuts
     D:1: 1019 daAuts
     D:2: 1001 daAuts
     D:4: 990 daAuts
     D:6: 913 daAuts
     D:7: 296 daAuts
   Sewer: 205 daAuts
  Temple: 194 daAuts
